 Dungeon Crawl Stone Soup version 0.26-a0-663-g36e8fdb655 (webtiles) character file.

Game seed: 13876035255417024367

5 flotson the Sneak (level 1, 0/18 HPs)
             Began as a Demonspawn Delver on Oct 10, 2020.
             Slain by a leopard gecko (4 damage)
             ... on level 6 of the Dungeon.
             The game lasted 00:01:17 (227 turns).

flotson the Sneak (Demonspawn Delver)                Turns: 227, Time: 00:01:17

Health: 0/18       AC:  3    Str: 12    XL:     1   Next: 66%
Magic:  1/1        EV: 12    Int: 11    God:
Gold:   30         SH:  0    Dex: 14    Spells: 0/0 levels left

rFire    . . .     SeeInvis .     - Unarmed
rCold    . . .     Faith    .   (no shield)
rNeg     . . .     Spirit   .   a - +0 leather armour
rPois    .         Reflect  .   (no helmet)
rElec    .         Harm     .   (no cloak)
rCorr    .         Rampage  .   (no gloves)
MR       .....                  (no boots)
Stlth    ++........             (no amulet)
HPRegen  0.06/turn              (no ring)
MPRegen  0.07/turn              (no ring)

@: no status effects
A: no striking features
a: no special abilities


You were on level 6 of the Dungeon.
You visited 1 branch of the dungeon, and saw 2 of its levels.

You collected 30 gold pieces.

Inventory:

Armour
 a - a +0 leather armour (worn)
Wands
 f - a wand of digging (3)
 g - a wand of iceblast (8)
Scrolls
 b - a scroll of fog
 c - a scroll of magic mapping
 d - a scroll of fear
 h - a scroll of enchant armour {unknown}
Potions
 e - a potion of haste


   Skills:
 + Level 3.1 Fighting
 + Level 0.4 Armour
 + Level 2.0 Dodging
 - Level 4.5 Stealth
 - Level 1.7 Unarmed Combat


You couldn't memorise any spells.
You didn't know any spells.
Your spell library was empty.

Dungeon Overview and Level Annotations

Branches:
Dungeon (6/15)
 Temple: D:4-7

Altars:

Annotations:
D:5 Pikel


Message History

There is a stone staircase leading down here.
The lemure barely misses you.
You climb downwards.
A leopard gecko comes into view.
The leopard gecko hisses angrily.
The leopard gecko bites you but does no damage.
Found a chain mail.
There is a stone staircase leading up here.
The lemure hits you.
* * * LOW HITPOINT WARNING * * *
Found a stone staircase leading down.
The lemure barely misses you.
The leopard gecko completely misses you.
You hit the leopard gecko.
The leopard gecko is heavily wounded.
The leopard gecko barely misses you.
You closely miss the leopard gecko.
The leopard gecko is heavily wounded.
The leopard gecko bites you.
You die...

###### #..... #....
#.... ##... # ...#
..#
#########.####....#
.......<.5l@...>..#
#.........#####+###
..........#
.........[#
.#######... #...#
#...# #.### #.#
######


You could see a lemure and a leopard gecko.

Vanquished Creatures
  A leopard gecko (D:6)
  2 quokkas
  A leopard gecko skeleton (D:6)
4 creatures vanquished.

Notes
Turn   | Place    | Note
-------+----------+-------------------------------------------
     0 | D:5      | flotson the Demonspawn Delver began the quest for the Orb.
     0 | D:5      | Reached XP level 1. HP: 18/18 MP: 1/1
    39 | D:5      | Noticed a jelly
    58 | D:5      | Noticed a lemure
    59 | D:5      | Noticed a lemure
    59 | D:5      | Noticed a lemure
    59 | D:5      | Noticed a worker ant
    60 | D:5      | Noticed Pikel
   187 | D:6      | Noticed a jelly
   206 | D:5      | Noticed a lemure
   227 | D:6      | Slain by a leopard gecko

Illustrated notes

Levels and vault maps discovered:
D:5:      layout_loops_cross, old_standard_altar, biasface_ghost_orc_armoury,
          chequers_serial_rivers_small_b, uniq_pikel
D:6:      layout_basic, minmay_temple_entry_slanted, biasface_ghost_orc_armoury

Skill      XL: |  1 |
---------------+----+-----
Dodging        | 2 |  2.0
Fighting       | |  3.1
Armour         | |  0.4
Stealth        | |  4.5
Unarmed Combat | |  1.7

Action                   || total
-------------------------++-------
Melee: Unarmed           ||    24
       Punch             ||     1
 Stab: Sleeping          ||     2
Armor: Leather armour    ||     5
Dodge: Dodged            ||    18

Table legend: (Time is in decaauts)
 A = Elapsed time spent in this place.
 B = Non-inter-level travel time spent in this place.
 C = Inter-level travel time spent in this place.
 D = Time resting spent in this place.
 E = Time spent auto-exploring this place.
 F = Levels seen in this place.
 G = Mean time per level.
                   A        B        C        D        E       F      G
               +--------+--------+--------+--------+--------+-----+--------+
         Total |    226 |    226 |      0 |      0 |     52 |   2 |  113.0 |
       Dungeon |    226 |    226 |      0 |      0 |     52 |   2 |  113.0 |
               +--------+--------+--------+--------+--------+-----+--------+

Top non-repeatable levels by time:
     D:6: 138 daAuts
     D:5: 88 daAuts
